 Dungeon Crawl Stone Soup version 0.20.1-1-g8b1a95d (console) character file.

6716 hilaritas the Cleaver (level 11, -1/99 HPs)
             Began as a Hill Orc Fighter on Aug 5, 2017.
             Was an Elder of Makhleb.
             Killed from afar by an electric eel (13 damage)
             ... with a bolt of electricity
             ... on level 10 of the Dungeon.
             The game lasted 00:27:09 (11004 turns).

hilaritas the Cleaver (Hill Orc Fighter)           Turns: 11004, Time: 00:27:10

Health: -1/99      AC: 18    Str: 23    XL:     11   Next: 4%
Magic:  17/17      EV:  6    Int:  8    God:    Makhleb [****..]
Gold:   477        SH: 12    Dex: 10    Spells: 10/10 levels left

rFire    . . .     SeeInvis .   a - +1 war axe
rCold    . . .     Gourm    .   c - +1 shield
rNeg     . . .     Faith    +   n - +0 plate armour
rPois    .         Spirit   .   C - +0 helmet
rElec    .         Reflect  .   t - scarf {repulsion}
rCorr    .         Harm     .   I - +0 pair of gloves
MR       .....                  A - +0 pair of boots
Stlth    ..........             w - amulet of faith
Regen    0.3/turn               (no ring)
MPRegen  0.2/turn               (no ring)

@: repel missiles, very slow
A: no striking features
a: Minor Destruction, Lesser Servant of Makhleb, Major Destruction, Renounce
Religion


You were on level 10 of the Dungeon.
You worshipped Makhleb.
Makhleb was greatly pleased with you.
You were hungry.

You visited 2 branches of the dungeon, and saw 11 of its levels.
You also visited: Sewer.

You collected 477 gold pieces.

Inventory:

Hand Weapons
 a - a +1 war axe (weapon)
 m - a +0 war axe
 y - a +0 whip of venom
Missiles
 i - 7 javelins (quivered)
Armour
 c - a +1 shield (worn)
 n - a +0 plate armour (worn)
 t - a scarf of repulsion (worn)
 A - a +0 pair of boots (worn)
 C - a +0 helmet (worn)
 I - a +0 pair of gloves (worn)
Jewellery
 w - an amulet of faith (around neck)
Wands
 k - a wand of enslavement (3/24)
 p - a wand of flame (22/48)
 D - a wand of clouds (5/9)
 G - a wand of lightning (6/15)
Scrolls
 e - 6 scrolls of identify
 g - 2 scrolls of fear
 l - 5 scrolls of remove curse
 o - 4 scrolls of teleportation
 r - a scroll of amnesia
 u - 2 scrolls of magic mapping
 x - a scroll of enchant armour
Potions
 b - a potion of ambrosia
 d - 3 potions of flight
 h - 2 potions of invisibility
 q - 3 potions of might
 z - 3 potions of brilliance
 B - a potion of lignification {unknown}
 E - a potion of heal wounds
 F - a potion of agility {unknown}
 H - a potion of haste
Books
 v - a book of Flames

   Spells                             Type                      Level
   a - Flame Tongue                   Conjuration/Fire             1
   b - Throw Flame                    Conjuration/Fire             2
   c - Conjure Flame                  Conjuration/Fire             3
   d - Inner Flame                    Hexes/Fire                   3
   e - Sticky Flame                   Conjuration/Fire             4
   f - Fireball                       Conjuration/Fire             5
Comestibles
 f - 12 bread rations
 j - 35 fruits
 s - 6 meat rations


   Skills:
 - Level 10.0 Fighting
 - Level 10.1 Axes
 + Level 9.1 Armour
 + Level 8.7 Shields
 * Level 8.2 Invocations


You had 10 spell levels left.
You didn't know any spells.

Dungeon Overview and Level Annotations

Branches:
Dungeon (10/15)            Temple (1/1) D:4             Orc (0/2) D:9
   Lair: D:8-11

Altars:
Ashenzari
Cheibriados
Dithmenos
Elyvilon
Fedhas
Gozag
Hepliaklqana
Kikubaaqudgha
Makhleb
Nemelex Xobeh
Okawaru
Qazlal
Ru
Sif Muna
Trog
Uskayaw
Vehumet
Xom
Yredelemnul
Zin
The Shining One

Shops:
D:5 [   D:8 =


Message History

Unknown command.
You feel much better.
The electric eel shoots out a bolt of lightning at you!
The bolt of electricity hits you!
* * * LOW HITPOINT WARNING * * *
The bolt of electricity hits the plant. x2; The bolt of electricity hits you!
* * * LOW HITPOINT WARNING * * *
The electric eel shoots out a bolt of lightning at you!
The bolt of electricity hits you!
Your smoke demon hits the electric eel!
Your smoke demon misses the electric eel.
Your smoke demon hits the electric eel but does no damage.
You slash the plant!
The plant is almost destroyed.
You slash the electric eel! x2
You kill the electric eel!
Makhleb accepts your kill.
You hear a splash.
The electric eel shoots out a bolt of lightning at you!
The bolt of electricity hits you!
You die...

≈≈≈≈≈≈≈≈≈≈≈P≈≈≈
≈P≈P≈≈≈≈≈≈≈≈≈≈≈≈≈≈≈≈P≈ ≈≈≈≈≈
≈≈≈≈≈≈≈≈≈≈≈≈P≈≈≈≈
≈≈≈P≈≈≈≈≈≈≈≈≈≈≈≈≈≈≈≈≈≈≈
♣≈≈≈≈P≈≈≈≈≈≈≈≈≈≈≈P≈≈≈≈
≈P≈P♣≈≈≈≈≈≈≈≈≈3≈P≈≈♣♣
♣≈♣PP≈≈P≈≈P;†≈P≈≈≈≈#
#P≈≈≈P♣♣P♣P♣@♣♣ ###
##..#.P≈P≈≈≈≈P≈########.##
####..............<.........#
...............##.########.##
####.#####....###.########.#
#.# #.#### #..........# #.#
#.# #####.####.# #.# ##.##
#.# #.# #.# ##.).## #.# #.#


You could see an electric eel and a friendly smoke demon.

Vanquished Creatures
  Joseph (D:7)
  The ghost of polve the Changer, a novice DrTm (D:4)
  2 trolls
  A hornet (D:7)
  Prince Ribbit (D:8)
  A hippogriff (shapeshifter) (D:9)
  A steam dragon (D:7)
  Menkaure (D:7)
  A warg (D:9)
  6 ice beasts
  3 orc warriors (D:9)
  A sky beast (D:7)
  A black bear (D:7)
  A necrophage (D:7)
  A phantom (D:8)
  An eye of draining (D:10)
  2 ogres
  A crocodile (D:7)
  5 centaurs
  A big kobold (D:10)
  A gnoll sergeant (D:8)
  6 bullfrogs
  A scorpion (D:9)
  6 killer bees
  4 electric eels (D:10)
  A bullfrog zombie (D:7)
  A centaur zombie (D:7)
  7 orc priests
  A bullfrog skeleton (D:8)
  3 hounds
  2 jellies
  Jessica (D:3)
  4 iguanas
  7 orc wizards
  2 worker ants
  Natasha (thrice) (D:3)
  A hound skeleton (D:5)
  Robin (D:3)
  4 gnolls (D:3)
  6 river rats
  10 adders
  3 shadow imps
  4 oozes
  3 adder skeletons
  An adder zombie (D:9)
  3 dart slugs
  7 leopard geckos
  35 orcs
  3 giant cockroaches
  10 goblins
  9 hobgoblins
  5 jackals
  5 quokkas
  7 ball pythons
  5 bats
  5 frilled lizards
  A jackal skeleton (D:8)
  2 jackal zombies (D:5)
  25 kobolds
  A quokka zombie (D:7)
  28 rats
267 creatures vanquished.

Vanquished Creatures (collateral kills)
  A two-headed ogre (D:9)
  A warg (D:9)
  A scorpion (D:9)
  A killer bee zombie (D:7)
  An orc (D:9)
5 creatures vanquished.

Vanquished Creatures (others)
  A plant (D:10)
1 creature vanquished.

Grand Total: 273 creatures vanquished

Notes
Turn   | Place    | Note
-------+----------+-------------------------------------------
     0 | D:1      | hilaritas the Hill Orc Fighter began the quest for the Orb.
     0 | D:1      | Reached XP level 1. HP: 19/19 MP: 1/1
   261 | D:1      | Reached XP level 2. HP: 26/26 MP: 2/2
   825 | D:2      | Reached XP level 3. HP: 31/31 MP: 3/3
  1409 | D:2      | Reached skill level 5 in Axes
  1596 | D:3      | Noticed Robin
  1636 | D:3      | Reached XP level 4. HP: 24/39 MP: 4/4
  1799 | D:3      | Noticed Jessica
  1801 | D:3      | Killed Jessica
  1801 | D:3      | Reached XP level 5. HP: 36/45 MP: 5/5
  2093 | D:3      | Noticed Natasha
  2100 | D:3      | Killed Natasha
  2110 | D:3      | Killed Robin
  2181 | D:3      | Found a glowing drain.
  2191 | Sewer    | Entered a sewer
  2363 | Sewer    | Reached XP level 6. HP: 51/51 MP: 6/6
  3060 | D:3      | Noticed Natasha
  3071 | D:3      | Killed Natasha
  3256 | D:3      | Noticed Natasha
  3270 | D:3      | Killed Natasha
  3391 | D:4      | Found a staircase to the Ecumenical Temple.
  3419 | D:4      | Noticed an ice beast
  3421 | Temple   | Entered the Ecumenical Temple
  3622 | Temple   | Became a worshipper of Makhleb the Destroyer
  3637 | D:4      | Reached XP level 7. HP: 57/57 MP: 7/7
  3646 | D:4      | Reached skill level 10 in Axes
  3653 | D:4      | Reached skill level 1 in Invocations
  4002 | D:4      | Noticed polve's ghost (novice DrTm)
  4036 | D:4      | Killed polve's ghost
  4036 | D:4      | Reached XP level 8. HP: 46/67 MP: 8/10
  4381 | D:5      | Entered Level 5 of the Dungeon
  4381 | D:5      | Found Sianop's Armour Shop.
  4400 | D:4      | Reached skill level 5 in Fighting
  4576 | D:5      | Found a shadowy altar of Dithmenos.
  4601 | D:5      | Reached * piety under Makhleb
  4629 | D:5      | HP: 3/68 [killer bee (3)]
  4629 | D:5      | HP: 1/68 [killer bee (2)]
  4656 | D:5      | Reached skill level 5 in Armour
  5038 | D:6      | Found a radiant altar of Vehumet.
  5373 | D:6      | Reached skill level 5 in Shields
  5593 | D:6      | Reached XP level 9. HP: 22/75 MP: 12/12
  6066 | D:7      | Noticed a hornet
  6080 | D:7      | Paralysed by a hornet for 1 turns
  6087 | D:7      | Paralysed by a hornet for 1 turns
  6093 | D:7      | Killed a hornet
  6093 | D:7      | Reached skill level 5 in Invocations
  6108 | D:7      | Reached ** piety under Makhleb
  6413 | D:7      | Found a blossoming altar of Fedhas.
  6561 | D:7      | Noticed Joseph
  6584 | D:7      | Killed Joseph
  6709 | D:7      | Noticed Menkaure
  6715 | D:7      | Killed Menkaure
  7044 | D:7      | Found a blossoming altar of Fedhas.
  7178 | D:7      | Reached XP level 10. HP: 90/90 MP: 14/14
  7207 | D:7      | Reached *** piety under Makhleb
  7436 | D:8      | Noticed Prince Ribbit
  7595 | D:8      | Killed Prince Ribbit
  7775 | D:8      | Found a deep blue altar of Sif Muna.
  7775 | D:8      | Found an iron altar of Okawaru.
  7985 | D:8      | Found a bloodstained altar of Trog.
  8211 | D:8      | Found Seijod's Jewellery Emporium.
  8718 | D:9      | Found a staircase to the Orcish Mines.
  8733 | D:9      | Reached **** piety under Makhleb
  8969 | D:9      | Noticed a two-headed ogre
  8981 | D:9      | Killed a two-headed ogre
  8981 | D:9      | Reached skill level 10 in Fighting
 10053 | D:10     | Entered Level 10 of the Dungeon
 10738 | D:10     | Reached XP level 11. HP: 86/99 MP: 17/17
 11004 | D:10     | Killed from afar by an electric eel

Skill      XL: |  1  2  3  4  5  6  7  8  9 10 |
---------------+-------------------------------+-----
Axes           | 3 4 5 6 8 9 10 | 10.1
Invocations    | 3 4 6 8 |  8.2
Fighting       | 4 6 8 10 | 10.0
Armour         | 4 5 7 9 |  9.1
Shields        | 4 5 6 8 |  8.7

Action                   |  1- 3 |  4- 6 |  7- 9 | 10-12 || total
-------------------------+-------+-------+-------+-------++-------
Melee: War axe           |   108 |   211 |   375 |   276 ||   970
Throw: Javelin           |       |       |     2 |     2 ||     4
Invok: Lesser Servant of |       |       |       |     3 ||     3
       Minor Destruction |       |       |       |     1 ||     1
  Use: Potion            |       |     2 |    10 |     2 ||    14
       Scroll            |       |       |    12 |     6 ||    18
  Eat: Chunk             |     2 |     7 |    10 |    11 ||    30
       Royal jelly       |       |       |     1 |       ||     1
       Fruit             |       |       |       |     1 ||     1
Armor: Scale mail        |    20 |       |       |       ||    20
       Chain mail        |    61 |   143 |    12 |       ||   216
       Plate armour      |       |       |   200 |   130 ||   330
Dodge: Dodged            |    24 |    61 |    70 |    55 ||   210
       Deflected         |     1 |     2 |     2 |     5 ||    10
Block: Shield            |    51 |   126 |   226 |   162 ||   565
